[Event "2nd Kalyan Dombivali 2019"]
[Site "Kalyan"]
[Date "2019.01.31"]
[Round "4"]
[White "Divekar Prathamesh"]
[Black "Joshi, Nikhil C."]
[Result "0-1"]
[ECO "B83"]
[WhiteElo "1327"]
[BlackElo "2088"]
[Annotator "NA RC"]
[PlyCount "126"]
[EventDate "2019.01.28"]
[EventType "swiss"]
[EventRounds "10"]
[EventCountry "IND"]
[SourceTitle "playchess.com"]
[Source "ChessBase"]
[SourceQuality "1"]
[TimeControl "5400+30"]

1. e4 c5 2. Nf3 d6 3. d4 cxd4 4. Nxd4 Nf6 5. Nc3 Nc6 6. Be2 e6 7. Be3 Be7 8. O-O a6 9. f4 Qc7 10. f5 Ne5 11. Bg5 O-O 12. Kh1 Qb6 13. Rb1 Bd7 14. Be3 Qc7 15. Qe1 Nc4 16. Bxc4 Qxc4 17. Qe2 (17. Rd1 $11) 17... Rac8 18. Qf3 e5 19. Nb3 b5 20. a3 Qc7 {[%emt 0:00:24] [#]} 21. Bg5 (21. g4 $1 $16 h6 22. g5 hxg5 23. Bxg5) 21... Bc6 22. Qg3 Nh5 23. Qg4 Bxg5 24. Qxg5 Nf6 25. Rbe1 a5 26. Rf3 h6 27. Qh4 b4 28. Rg3 Kh8 29. Ree3 (29. axb4 $142 axb4 30. Nd1) 29... Qd8 ({Worse is} 29... bxc3 {[#]} 30. Rxg7 $1 Kxg7 31. Rg3+ Kh7 32. Qxf6 $16) 30. axb4 axb4 31. Na2 Rb8 (31... Ba4 $142 32. Nxb4 Rc4) 32. Rh3 Nh7 (32... d5 $19 {has better winning chances.} 33. Qe1 dxe4 34. Nxb4 Bd7) 33. Qxd8 (33. Qe1 $17) 33... Rfxd8 34. Rhg3 (34. Re1 $17 {was worth a try.}) 34... Nf6 35. Nd2 Ra8 36. Nc1 Ra1 37. Re1 Nxe4 38. Nxe4 Bxe4 39. Rb3 Rc8 40. Nd3 Rxe1+ 41. Nxe1 Bxc2 42. Nxc2 Rxc2 43. Kg1 Rc4 44. Rd3 Rc1+ 45. Kf2 Rc2+ 46. Kg3 Rxb2 47. Rxd6 Rc2 48. Rb6 Rc4 49. Rb5 f6 50. Kh3 h5 51. g3 Kh7 52. Kg2 h4 53. Rb7 Kh6 54. Kh3 hxg3 55. hxg3 Kg5 56. Rxg7+ Kxf5 57. g4+ Ke6 (57... Ke4 $142 58. Rb7 Kf3) 58. g5 fxg5 59. Rxg5 b3 60. Rg1 b2 61. Rb1 Rb4 62. Kg3 Kd5 63. Kf2 Kc4 0-1

[Event "2nd Kalyan Dombivali 2019"]
[Site "Kalyan"]
[Date "2019.01.31"]
[Round "4"]
[White "Bamboat Hrrehan"]
[Black "Vedant Nitin vekhande"]
[Result "0-1"]
[ECO "B53"]
[WhiteElo "1231"]
[BlackElo "1564"]
[Annotator "NA RC"]
[PlyCount "114"]
[EventDate "2019.01.28"]
[EventType "swiss"]
[EventRounds "10"]
[EventCountry "IND"]
[SourceTitle "playchess.com"]
[Source "ChessBase"]
[SourceQuality "1"]
[TimeControl "5400+30"]

1. e4 c5 2. Nf3 d6 3. d4 cxd4 4. Qxd4 Bd7 5. Nc3 Nc6 6. Qe3 Nf6 7. Bc4 g6 8. O-O Bg7 9. Qe2 O-O 10. h3 Rc8 11. Bg5 h6 12. Bxf6 Bxf6 13. Nd5 Bg7 14. c3 a6 15. Rad1 Kh7 16. Qe3 b5 17. Bd3 Na5 18. e5 e6 19. Nb6 Rc6 20. Nxd7 Qxd7 21. Nd4 Rc5 22. exd6 Rd5 23. Bxg6+ fxg6 24. Nxe6 Rff5 25. Nxg7 Kxg7 26. Qe7+ Qxe7 27. dxe7 Kf7 28. Rfe1 Rde5 29. Rxe5 Rxe5 30. Rd6 Nc4 31. Rxa6 Nxb2 32. Kf1 Nd3 33. g3 Rxe7 34. Rd6 Re1+ 35. Kg2 Nc1 36. Rb6 Nxa2 37. Rxb5 Nxc3 38. Rb7+ Kf6 39. Rb6+ Re6 40. Rxe6+ Kxe6 41. Kf3 Kf5 42. g4+ Ke5 43. Ke3 Nd5+ 44. Kf3 g5 45. Kg3 Ke4 46. f3+ Ke3 47. h4 Nf4 48. hxg5 hxg5 49. Kh2 Kxf3 50. Kh1 Kxg4 51. Kh2 Kf3 52. Kh1 g4 53. Kg1 g3 54. Kh1 g2+ 55. Kh2 Nh3 56. Kxh3 g1=Q 57. Kh4 Qg4# 0-1

[Event "2nd Kalyan Dombivali 2019"]
[Site "Kalyan"]
[Date "2019.01.31"]
[Round "4"]
[White "Manthan Vijayrao Kale"]
[Black "Kshatriya Nitin Vekhande"]
[Result "1/2-1/2"]
[ECO "B77"]
[WhiteElo "1228"]
[BlackElo "1544"]
[Annotator "NA RC"]
[PlyCount "216"]
[EventDate "2019.01.28"]
[EventType "swiss"]
[EventRounds "10"]
[EventCountry "IND"]
[SourceTitle "playchess.com"]
[Source "ChessBase"]
[SourceQuality "1"]
[TimeControl "5400+30"]

1. e4 c5 2. Nf3 d6 3. d4 cxd4 4. Nxd4 Nf6 5. Nc3 g6 6. Be3 Bg7 7. f3 O-O 8. Qd2 Nc6 9. Bc4 Bd7 10. Nxc6 bxc6 11. h4 h5 12. Bh6 Kh7 13. Bxg7 Kxg7 14. O-O-O Rh8 15. Rhe1 Qc7 16. f4 Bg4 17. Be2 Be6 18. f5 Bd7 19. fxg6 fxg6 20. Qg5 Bg4 21. Bxg4 Nxg4 22. e5 Nxe5 23. Ne2 Raf8 24. Nd4 Rf6 25. Qxf6+ Kxf6 26. Rf1+ Nf3 27. Rxf3+ Ke5 28. Re3+ Kf4 29. Ne6+ Kxe3 30. Nxc7 Kf2 31. Rd2+ Kg3 32. Ne6 Kxh4 33. Nf4 Rg8 34. Re2 e5 35. Nd3 Kg3 36. b4 Re8 37. c4 e4 38. Ne1 d5 39. cxd5 cxd5 40. a4 d4 41. Kd2 h4 42. b5 g5 43. a5 g4 44. Nd3 h3 45. gxh3 gxh3 46. Re1 h2 47. Nb4 d3 48. Nc6 Kg2 49. Nxa7 h1=Q 50. Rxh1 Kxh1 51. Ke3 Kg2 52. Nc6 Kf1 53. Nd4 Ke1 54. Nb3 Re5 55. b6 Rb5 56. Nd2 Rxa5 57. Nxe4 Rb5 58. Kxd3 Rxb6 59. Ke3 Rb3+ 60. Kf4 Ke2 61. Ng3+ Kd3 62. Kf3 Kd4+ 63. Kf4 Rb2 64. Nf5+ Kd5 65. Ne3+ Ke6 66. Ke4 Rb4+ 67. Kd3 Ke5 68. Nc4+ Kd5 69. Ne3+ Kc5 70. Kc3 Ra4 71. Nc2 Re4 72. Kd3 Rh4 73. Ne3 Rd4+ 74. Kc3 Re4 75. Nc2 Kd5 76. Kd3 Ke5 77. Ne3 Rd4+ 78. Kc3 Ke4 79. Nc4 Rd3+ 80. Kb4 Kd4 81. Na5 Rh3 82. Nb3+ Kd5 83. Ka4 Kc4 84. Na5+ Kc5 85. Nb3+ Kc4 86. Na5+ Kc3 87. Kb5 Rh5+ 88. Kb6 Kd4 89. Nc6+ Kc4 90. Na5+ Kd5 91. Kb5 Rh1 92. Ka4 Rb1 93. Nb3 Rh1 94. Kb4 Rh3 95. Na5 Rh4+ 96. Kb5 Rh8 97. Ka4 Rb8 98. Nb3 Kc4 99. Na5+ Kc3 100. Ka3 Rb6 101. Ka4 Rb4+ 102. Ka3 Rb6 103. Ka4 Rb1 104. Nc6 Kc4 105. Na5+ Kd4 106. Nb3+ Kd3 107. Na5 Kc3 108. Nc6 Rb7 1/2-1/2

[Event "2nd Kalyan Dombivali 2019"]
[Site "Kalyan"]
[Date "2019.01.31"]
[Round "5"]
[White "Saurabh Anand"]
[Black "Vijay, Anand M."]
[Result "1-0"]
[ECO "B00"]
[WhiteElo "2210"]
[BlackElo "1841"]
[Annotator "NA"]
[PlyCount "69"]
[EventDate "2019.01.28"]
[EventType "swiss"]
[EventRounds "10"]
[EventCountry "IND"]
[SourceTitle "playchess.com"]
[Source "ChessBase"]
[SourceQuality "1"]
[TimeControl "5400+30"]

1. e4 Nc6 2. Nf3 g6 {[%emt 0:01:09] B00: Queen's Fianchetto Defence, Nimzowitsch Defence} (2... d6 3. d4 Nf6 4. Nc3 g6 5. d5 Nb8 6. h3 Bg7 7. Bc4 O-O 8. O-O a6 9. a4 e5 10. dxe6 Bxe6 11. Bxe6 fxe6 12. e5 dxe5 13. Nxe5 Qxd1 14. Nxd1 {½-½ (31) Aronian,L (2765)-Zubov,A (2597) St Petersburg 2018}) 3. Nc3 Bg7 4. d4 e5 5. Bg5 f6 6. Be3 d6 7. h3 Bh6 $146 ({Predecessor:} 7... Nge7 8. Bc4 a6 9. a4 Bd7 10. a5 Qc8 11. O-O exd4 12. Nxd4 Nxd4 13. Qxd4 Be6 {½-½ (42) Saric,A (2437)-Jovanovic,Z (2446) Zagreb 2004}) 8. Bxh6 Nxh6 9. dxe5 fxe5 10. Bc4 Nf7 11. Qd2 h6 12. O-O-O Kf8 13. Qd5 Rh7 14. Kb1 Qe7 15. g3 Ncd8 16. Nh4 Qf6 (16... Rg7 $16) 17. Qd3 c6 18. Rdf1 g5 19. Ng2 Be6 20. f4 Bxc4 21. Qxc4 Qe6 22. Qe2 Ke7 23. h4 gxf4 24. gxf4 Kd7 25. f5 $18 Qf6 26. Ne3 b6 27. Rfg1 Nb7 28. Ncd5 Qh8 29. Rg6 Rg7 30. Qg4 h5 31. f6+ hxg4 32. fxg7 Qh6 33. Nf6+ Kc7 34. Rxh6 Nxh6 35. Nf5 1-0

[Event "2nd Kalyan Dombivali 2019"]
[Site "Kalyan"]
[Date "2019.01.31"]
[Round "5"]
[White "Kumar, Gaurav"]
[Black "Pingale Shivraj"]
[Result "0-1"]
[ECO "C18"]
[WhiteElo "2128"]
[BlackElo "1580"]
[Annotator "NA"]
[PlyCount "88"]
[EventDate "2019.01.28"]
[EventType "swiss"]
[EventRounds "10"]
[EventCountry "IND"]
[SourceTitle "playchess.com"]
[Source "ChessBase"]
[SourceQuality "1"]
[TimeControl "5400+30"]

1. e4 e6 2. d4 d5 3. Nc3 Bb4 4. e5 c5 5. a3 Bxc3+ 6. bxc3 Qa5 7. Bd2 Qa4 8. Qg4 g6 9. Qf4 Qxc2 10. Nf3 Qe4+ 11. Qxe4 dxe4 12. Ng5 f5 13. Bc4 Nc6 14. Nxe6 Bxe6 $11 15. Bxe6 cxd4 16. Rb1 Rb8 17. cxd4 Nxd4 18. Ba2 Ne7 19. Bc3 Nec6 20. Rb2 Ke7 21. O-O Rhd8 22. Rfb1 b6 23. Bd2 Ne6 24. f3 exf3 25. gxf3 Nxe5 26. Bb4+ Kf6 27. Bxe6 Nxf3+ 28. Kf2 Nxh2 29. Re2 Ng4+ 30. Kg2 Rd3 31. Rbe1 Re8 32. Ba2 Rxe2+ 33. Rxe2 f4 34. Re6+ Kg5 35. Bb1 Rg3+ 36. Kf1 f3 37. Bd2+ Kh5 38. Bf4 Nh2+ 39. Ke1 Rg1+ 40. Kf2 Rg2+ 41. Ke3 Re2+ 42. Kd4 Rxe6 43. Bxh2 Re2 44. Bg3 Kg4 0-1

[Event "2nd Kalyan Dombivali 2019"]
[Site "Kalyan"]
[Date "2019.01.31"]
[Round "5"]
[White "Saranya, J."]
[Black "Joshi, Nikhil C."]
[Result "1-0"]
[ECO "B10"]
[WhiteElo "2094"]
[BlackElo "2088"]
[Annotator "NA"]
[PlyCount "79"]
[EventDate "2019.01.28"]
[EventType "swiss"]
[EventRounds "10"]
[EventCountry "IND"]
[SourceTitle "playchess.com"]
[Source "ChessBase"]
[SourceQuality "1"]
[TimeControl "5400+30"]

1. e4 c6 2. Nc3 d5 3. Nf3 dxe4 4. Nxe4 Bg4 5. Bc4 e6 6. h3 Bxf3 7. Qxf3 Nd7 8. Qe2 {[%emt 0:04:55] B11: Caro-Kann: Two Knights Variation} (8. Qg3 Ndf6 9. d3 Nxe4 10. dxe4 Qd4 11. Bd3 Bd6 12. Qe3 Bc5 13. Qxd4 Bxd4 14. c3 Bb6 15. Ke2 e5 16. Bc4 Nf6 17. Kf3 a5 18. a4 Rd8 19. Bg5 h6 20. Bxf6 gxf6 {½-½ (20) Pulpan,J (2337)-Meduna,E (2392) Ostrava 2016}) 8... Be7 9. O-O Ngf6 10. Rd1 $146 ({Predecessor:} 10. f4 Nxe4 11. Qxe4 Nf6 12. Qe2 Qd4+ 13. Kh2 Qe4 14. Qxe4 Nxe4 15. d3 Nd6 {½-½ (41) Maris,I (1998)-Lesman,F (2074) Hoogeveen 2011}) 10... Nxe4 11. Qxe4 O-O 12. d4 Bf6 13. Bf4 Nb6 14. Bb3 g6 15. Be5 Qe7 16. a4 a5 17. c3 Nd5 18. c4 Nb4 19. Bf4 Rfd8 20. Be3 Rd7 21. Rd2 Rad8 22. Rad1 Bg7 23. f4 Qf6 24. Qf3 Qe7 $11 25. g4 Kh8 26. Kh1 Kg8 27. Bf2 Kh8 28. Qe4 Kg8 29. h4 f5 30. gxf5 exf5 31. Qxe7 Rxe7 32. d5 Red7 33. Bb6 Re8 34. d6 Bh6 35. c5+ Nd5 36. Rxd5 cxd5 37. Rxd5 Kf8 38. Bc4 Re4 39. Bb5 Ke8 40. Re5+ 1-0

[Event "2nd Kalyan Dombivali 2019"]
[Site "Kalyan"]
[Date "2019.01.31"]
[Round "5"]
[White "Ahmed, Feroz"]
[Black "Gusain, Himal"]
[Result "0-1"]
[ECO "A13"]
[WhiteElo "1919"]
[BlackElo "2371"]
[Annotator "NA RC"]
[PlyCount "60"]
[EventDate "2019.01.28"]
[EventType "swiss"]
[EventRounds "10"]
[EventCountry "IND"]
[SourceTitle "playchess.com"]
[Source "ChessBase"]
[SourceQuality "1"]
[TimeControl "5400+30"]

1. c4 e6 2. g3 c5 3. Bg2 Nc6 4. Nf3 g5 5. h3 Bg7 6. O-O h5 7. d3 g4 8. hxg4 hxg4 9. Nh2 f5 10. e4 Qf6 11. exf5 Qxf5 12. Nxg4 b6 13. Nc3 Bxc3 14. bxc3 Bb7 15. d4 O-O-O 16. Re1 Na5 17. Rf1 Nc6 18. Re1 Na5 19. Bxb7+ Nxb7 20. Bf4 Ne7 21. dxc5 Qxc5 22. Ne5 Rh7 23. Qa4 $2 (23. Qd3 $16 Nf5 24. Qe4) 23... d6 24. Qxa7 {[%emt 0:07:23] [#]} Nc6 $1 25. Qa4 Nxe5 26. Bxe5 dxe5 27. Rad1 $19 Rdh8 28. Kf1 Rf8 29. Qc2 Rh1+ 30. Kg2 Rh5 0-1

[Event "2nd Kalyan Dombivali 2019"]
[Site "Kalyan"]
[Date "2019.01.31"]
[Round "5"]
[White "Sparsh Khandelwal"]
[Black "Kathmale, Sameer"]
[Result "0-1"]
[ECO "B18"]
[WhiteElo "1823"]
[BlackElo "2312"]
[Annotator "NA"]
[PlyCount "90"]
[EventDate "2019.01.28"]
[EventType "swiss"]
[EventRounds "10"]
[EventCountry "IND"]
[SourceTitle "playchess.com"]
[Source "ChessBase"]
[SourceQuality "1"]
[TimeControl "5400+30"]

1. e4 c6 2. d4 d5 3. Nc3 dxe4 4. Nxe4 Bf5 5. Ng3 Bg6 6. Nh3 Nd7 7. Nf4 e5 8. dxe5 Qa5+ 9. c3 Qxe5+ 10. Be2 O-O-O 11. Qa4 Bc5 12. O-O Nb6 13. Nxg6 hxg6 14. Qe4 Bd6 15. Qxe5 Bxe5 16. Be3 f5 17. Bxb6 axb6 18. Rfd1 Nf6 19. Rxd8+ (19. Rd4 $2 ) (19. Bc4 $11 {and White has nothing to worry.}) 19... Kxd8 20. Rd1+ Kc7 21. Bf3 b5 22. a3 Nd7 23. Re1 Kd6 24. Bd1 Nc5 25. Bc2 Na4 26. Rb1 Bxg3 27. hxg3 Kc5 28. Bxa4 bxa4 29. Rd1 $1 Re8 $15 30. Kf1 b5 31. f3 Kc4 32. Rd4+ Kb3 33. Rb4+ Ka2 34. c4 Re5 35. cxb5 cxb5 36. Kf2 Rc5 37. Ke3 Rc2 38. Rxb5 Rxb2 39. Ra5 Kxa3 40. Ra6 Rb4 41. Rxg6 Kb2 42. Rg5 a3 43. Rxf5 a2 44. Ra5 Rb3+ 45. Kd2 a1=Q 0-1

[Event "2nd Kalyan Dombivali 2019"]
[Site "Kalyan"]
[Date "2019.01.31"]
[Round "5"]
[White "Subramanian, R M"]
[Black "Mayekar Ayush"]
[Result "1-0"]
[ECO "C26"]
[WhiteElo "1780"]
[BlackElo "1389"]
[Annotator "NA"]
[PlyCount "59"]
[EventDate "2019.01.28"]
[EventType "swiss"]
[EventRounds "10"]
[EventCountry "IND"]
[SourceTitle "playchess.com"]
[Source "ChessBase"]
[SourceQuality "1"]
[TimeControl "5400+30"]

1. e4 e5 2. Bc4 Nf6 3. Nc3 Bc5 4. d3 h6 5. f4 d6 6. Nf3 Nc6 7. f5 Bd7 8. a3 a6 9. Qe2 Qe7 10. Be3 Nd4 11. Bxd4 exd4 12. Nd5 Nxd5 13. Bxd5 O-O-O 14. b4 Ba7 15. O-O Bxf5 16. Bxf7 Be6 17. Bxe6+ Qxe6 18. Qd2 g5 19. a4 Bb6 20. a5 Ba7 21. b5 d5 22. bxa6 dxe4 23. axb7+ Kb8 24. dxe4 Qxe4 25. Qd3 Qxd3 26. cxd3 Kxb7 27. Ne5 Rd5 28. Rab1+ Kc8 29. Nc6 Bc5 30. Rf7 1-0

[Event "2nd Kalyan Dombivali 2019"]
[Site "Kalyan"]
[Date "2019.01.31"]
[Round "5"]
[White "Javheri, Jaydev"]
[Black "Isha Pritam Inamdar"]
[Result "1-0"]
[ECO "B01"]
[WhiteElo "1675"]
[BlackElo "1380"]
[Annotator "NA"]
[PlyCount "179"]
[EventDate "2019.01.28"]
[EventType "swiss"]
[EventRounds "10"]
[EventCountry "IND"]
[SourceTitle "playchess.com"]
[Source "ChessBase"]
[SourceQuality "1"]
[TimeControl "5400+30"]

1. e4 d5 2. Nc3 d4 3. Nce2 e5 4. Nf3 Bd6 5. Ng3 Be6 6. Bb5+ c6 7. Be2 f6 8. O-O Ne7 9. d3 c5 10. Ne1 O-O 11. Bg4 Bf7 12. Qf3 Nbc6 13. h4 Be8 14. h5 h6 15. Be6+ Kh8 16. Qg4 Qc7 17. Nf3 Nd8 18. Bf5 Ndc6 19. Nh4 Rd8 20. Be6 Bd7 21. Bxd7 Qxd7 22. Ngf5 Nxf5 23. Ng6+ Kg8 24. Nxf8 Kxf8 25. Qxf5 Qxf5 26. exf5 Nb4 27. f4 Nxc2 28. Rb1 Nb4 29. fxe5 Bxe5 30. Rd1 Nd5 31. Bd2 Kf7 32. b4 cxb4 33. Bxb4 Ne3 34. Rdc1 Nxf5 35. Be1 b6 36. a4 Bf4 37. Rc6 Ne7 38. Rc4 Nd5 39. Bf2 Ne3 40. Rc6 Rd5 41. Rb5 Rd7 42. a5 bxa5 43. Rxa5 g6 44. hxg6+ Kxg6 45. Raa6 Ng4 46. g3 Be5 47. Rc4 Nxf2 48. Kxf2 Kf5 49. Rc1 Kg4 50. Rg1 Rc7 51. Ra2 Bd6 52. Re2 Re7 53. Rxe7 Bxe7 54. Re1 Bc5 55. Re4+ Kg5 56. Kf3 a5 57. Re6 h5 58. Rc6 Bb4 59. Rc4 Bc3 60. Rc5+ Kg6 61. Rc4 Kg5 62. Rc8 Kf5 63. Rg8 Bd2 64. Rh8 Kg5 65. Ke4 Bc3 66. Rg8+ Kh6 67. Kf5 Kh7 68. Rf8 Be1 69. Rf7+ Kh8 70. Kg6 Kg8 71. Re7 Kf8 72. Rxe1 a4 73. Ra1 Ke7 74. Rxa4 Ke6 75. Ra5 Ke7 76. Ra6 Kd7 77. Kxf6 Kc7 78. Ke5 Kb7 79. Rh6 Kc7 80. Kd5 Kb7 81. Kc5 Ka7 82. Kb5 Kb7 83. Rh7+ Kc8 84. Kc6 Kd8 85. Ra7 Ke8 86. Kd6 Kf8 87. Ke6 Kg8 88. Kf6 Kh8 89. Kg6 Kg8 90. Ra8# 1-0

[Event "2nd Kalyan Dombivali 2019"]
[Site "Kalyan"]
[Date "2019.01.31"]
[Round "5"]
[White "Ankur Mahesh Gokhale"]
[Black "Lad Mandar Pradip"]
[Result "1-0"]
[ECO "B23"]
[WhiteElo "1628"]
[BlackElo "1364"]
[Annotator "NA"]
[PlyCount "65"]
[EventDate "2019.01.28"]
[EventType "swiss"]
[EventRounds "10"]
[EventCountry "IND"]
[SourceTitle "playchess.com"]
[Source "ChessBase"]
[SourceQuality "1"]
[TimeControl "5400+30"]

1. e4 c5 2. Nc3 a6 3. g3 b5 4. Bg2 Bb7 5. d3 d6 6. f4 e6 7. Nf3 Nf6 8. O-O Be7 9. h3 h5 10. Ng5 Nfd7 11. Ne2 Bxg5 12. fxg5 g6 13. Nf4 e5 14. Nd5 Bxd5 15. exd5 a5 16. c3 Qb6 17. Be3 Na6 18. Qf3 Rf8 19. g4 hxg4 20. Qxg4 O-O-O 21. Rf2 Kb8 22. Raf1 b4 23. c4 b3 24. a3 a4 25. Rxf7 Rxf7 26. Rxf7 Qa5 27. Kh2 Kc8 28. Qe6 Qe1 29. Bf2 Qd2 30. Qxd6 Nab8 31. Bxc5 Qxb2 32. Bb6 Na6 33. Bxd8 1-0

[Event "2nd Kalyan Dombivali 2019"]
[Site "Kalyan"]
[Date "2019.01.31"]
[Round "5"]
[White "Shivshankar Iyer S"]
[Black "Gurav Sanmil"]
[Result "1-0"]
[ECO "D11"]
[WhiteElo "1619"]
[BlackElo "1311"]
[Annotator "NA"]
[PlyCount "55"]
[EventDate "2019.01.28"]
[EventType "swiss"]
[EventRounds "10"]
[EventCountry "IND"]
[SourceTitle "playchess.com"]
[Source "ChessBase"]
[SourceQuality "1"]
[TimeControl "5400+30"]

1. d4 d5 2. c4 c6 3. Nf3 Nf6 4. g3 a6 5. Bg2 b5 6. cxd5 cxd5 7. O-O Bf5 8. Nc3 e6 9. Nh4 Bg6 10. Bg5 Be7 11. Nxg6 hxg6 12. Bxf6 Bxf6 13. e4 dxe4 14. Nxe4 Ra7 15. Nxf6+ Qxf6 16. a4 b4 17. Qb3 a5 18. d5 e5 19. Qe3 Re7 20. Qc5 Qa6 21. Rac1 Kd8 22. d6 Rd7 23. Rfd1 e4 24. Bf1 Qb7 25. Qxa5+ Ke8 26. Bb5 e3 27. Bxd7+ Nxd7 28. Re1 1-0

[Event "2nd Kalyan Dombivali 2019"]
[Site "Kalyan"]
[Date "2019.01.31"]
[Round "5"]
[White "Kadam Rishi R"]
[Black "Pethe Varad"]
[Result "1-0"]
[ECO "C10"]
[WhiteElo "1604"]
[BlackElo "1359"]
[Annotator "NA"]
[PlyCount "103"]
[EventDate "2019.01.28"]
[EventType "swiss"]
[EventRounds "10"]
[EventCountry "IND"]
[SourceTitle "playchess.com"]
[Source "ChessBase"]
[SourceQuality "1"]
[TimeControl "5400+30"]

1. e4 e6 2. d4 d5 3. Nc3 dxe4 4. Nxe4 Nf6 5. Nxf6+ Qxf6 6. Nf3 h6 7. Bd3 Bd6 8. O-O O-O 9. Bd2 Bd7 10. Qe2 c5 11. dxc5 Bxc5 12. Qe4 Qg6 13. Qxg6 fxg6 14. Bxg6 Bc6 15. Ne5 Bd5 16. Bc3 Bc6 17. Bd2 Bd5 18. Bc3 Rf4 19. Bd2 Rf8 20. Bc3 Rf4 21. g3 Rf8 22. Rad1 a6 23. b3 Ba7 24. Bb4 Nc6 25. Nxc6 Bxc6 26. Bxf8 Rxf8 27. Rd2 Bc5 28. c3 Bb6 29. Re1 Rf3 30. Be4 Rxc3 31. Bxc6 Rxc6 32. Ree2 Bc5 33. Rd8+ Kh7 34. Re8 b6 35. R8xe6 Rc7 36. Kg2 a5 37. f4 Rd7 38. f5 Rf7 39. g4 h5 40. h3 hxg4 41. hxg4 Rd7 42. Kf3 Rd1 43. Re8 Rf1+ 44. Ke4 Kh6 45. Re6+ Kg5 46. Rg6+ Kh4 47. Rxg7 Kg3 48. Ke5 Rd1 49. Ke6 Rd6+ 50. Kf7 Kf4 51. f6 Bd4 52. Re6 1-0

[Event "2nd Kalyan Dombivali 2019"]
[Site "Kalyan"]
[Date "2019.01.31"]
[Round "5"]
[White "Bhat Sanjay"]
[Black "Sarode Om"]
[Result "1-0"]
[ECO "A13"]
[WhiteElo "1597"]
[BlackElo "1427"]
[Annotator "NA"]
[PlyCount "91"]
[EventDate "2019.01.28"]
[EventType "swiss"]
[EventRounds "10"]
[EventCountry "IND"]
[SourceTitle "playchess.com"]
[Source "ChessBase"]
[SourceQuality "1"]
[TimeControl "5400+30"]

1. c4 e6 2. g3 g6 3. Bg2 Bg7 4. d4 d5 5. Nf3 c6 6. O-O Nd7 7. Nc3 Ne7 8. e4 dxc4 9. a4 a5 10. Qe2 b6 11. Rd1 O-O 12. Qxc4 Bb7 13. h4 Rc8 14. h5 h6 15. hxg6 Nxg6 16. Qe2 Re8 17. Be3 Qc7 18. Rac1 Qb8 19. Nd2 c5 20. Nc4 Ba6 21. Nb5 Bxb5 22. axb5 cxd4 23. Bxd4 e5 24. Bc3 Rcd8 25. Nd6 Re6 26. Nf5 Nf6 27. Bd2 Kh7 28. Bh3 Ree8 29. Rc6 Re6 30. Rc4 Ree8 31. Rdc1 Rc8 32. Rc6 Rxc6 33. bxc6 Qc7 34. b4 axb4 35. Bxb4 Bf8 36. Bxf8 Rxf8 37. Qd2 Ng8 38. Nd6 Rd8 39. Bd7 Nf6 40. Nf5 Ng8 41. Kg2 Nf8 42. Rh1 Qxc6 43. Nxh6 Rxd7 44. Nf5+ Kg6 45. Rh6+ Nxh6 46. Qxh6# 1-0

[Event "2nd Kalyan Dombivali 2019"]
[Site "Kalyan"]
[Date "2019.01.31"]
[Round "5"]
[White "Vedant Nitin vekhande"]
[Black "Chhabra Aakash"]
[Result "1/2-1/2"]
[ECO "C01"]
[WhiteElo "1564"]
[BlackElo "1619"]
[Annotator "NA"]
[PlyCount "87"]
[EventDate "2019.01.28"]
[EventType "swiss"]
[EventRounds "10"]
[EventCountry "IND"]
[SourceTitle "playchess.com"]
[Source "ChessBase"]
[SourceQuality "1"]
[TimeControl "5400+30"]

1. e4 e6 2. d4 d5 3. exd5 exd5 4. Nf3 Nf6 5. Bd3 Bd6 6. O-O O-O 7. Bg5 Bg4 8. Nbd2 Nbd7 9. c3 c6 10. Qc2 Qc7 11. Rae1 Rfe8 12. Bh4 Bh5 13. Bg3 Bg6 14. Nh4 Nf8 15. Ndf3 Bxd3 16. Qxd3 Ne4 17. Bxd6 Qxd6 18. Nf5 Qd7 19. Ng3 Nxg3 20. hxg3 f6 21. Qd2 Ne6 22. Re3 Nc7 23. Rfe1 Nb5 24. Qd3 Nd6 25. Nd2 Rxe3 26. Rxe3 Re8 27. f3 Kf7 28. Kf2 Rxe3 29. Qxe3 Qe6 30. g4 Qxe3+ 31. Kxe3 Ke6 32. Kf2 Kf7 33. Ke3 Ke6 34. Kf2 Kf7 35. Ke3 Ke6 36. b3 b5 37. b4 f5 38. gxf5+ Nxf5+ 39. Kf2 Nd6 40. Nb3 Nc4 41. Nc5+ Ke7 42. Ke2 a5 43. bxa5 Nxa5 44. a4 1/2-1/2

[Event "2nd Kalyan Dombivali 2019"]
[Site "Kalyan"]
[Date "2019.01.31"]
[Round "5"]
[White "Awade Pradeep"]
[Black "Snehal, Bhosale"]
[Result "0-1"]
[ECO "A07"]
[WhiteElo "1538"]
[BlackElo "2135"]
[Annotator "NA"]
[PlyCount "72"]
[EventDate "2019.01.28"]
[EventType "swiss"]
[EventRounds "10"]
[EventCountry "IND"]
[SourceTitle "playchess.com"]
[Source "ChessBase"]
[SourceQuality "1"]
[TimeControl "5400+30"]

1. Nf3 d5 2. g3 Nf6 3. Bg2 c6 4. O-O Bg4 5. h3 Bh5 6. d3 Nbd7 7. Nbd2 e5 8. e4 Bd6 9. Re1 O-O 10. Nf1 Re8 11. g4 Bg6 12. Ng3 Nc5 13. Bg5 Ne6 14. Bh4 Nf4 15. Bf1 Bc7 16. Nd2 Qd6 17. Nb3 $17 Nd7 18. Qf3 Bd8 19. Bxd8 Raxd8 20. exd5 cxd5 21. Ne2 Nxe2+ 22. Qxe2 f6 23. Bg2 Nf8 24. c4 Bf7 25. Rec1 Ng6 26. Qc2 Nf4 27. Bf1 h5 28. c5 Qc7 29. Nd2 hxg4 30. hxg4 f5 31. g5 Qe7 32. Nf3 Bh5 33. Bg2 e4 34. dxe4 fxe4 35. Qd2 Nxg2 36. Kxg2 Bxf3+ 0-1

[Event "2nd Kalyan Dombivali 2019"]
[Site "Kalyan"]
[Date "2019.01.31"]
[Round "5"]
[White "Virle Kimaya"]
[Black "Ramnathan, Balasubramaniam"]
[Result "0-1"]
[ECO "D53"]
[WhiteElo "1391"]
[BlackElo "2191"]
[Annotator "NA"]
[PlyCount "88"]
[EventDate "2019.01.28"]
[EventType "swiss"]
[EventRounds "10"]
[EventCountry "IND"]
[SourceTitle "playchess.com"]
[Source "ChessBase"]
[SourceQuality "1"]
[TimeControl "5400+30"]

1. d4 Nf6 2. c4 e6 3. Nc3 d5 4. Bg5 Be7 5. e3 b6 6. Nf3 Bb7 7. cxd5 exd5 8. Qa4+ c6 9. Bxf6 Bxf6 10. Rc1 O-O 11. Bd3 Nd7 12. O-O Re8 13. Rfd1 a5 14. Qc2 g6 15. Na4 Qe7 16. a3 Qd6 17. Bf1 Be7 18. Ne5 Nxe5 19. dxe5 Qd8 20. f4 Rb8 21. Qf2 b5 22. Nc5 Bxc5 23. Rxc5 Qe7 24. Rc3 f6 25. exf6 Qxf6 26. Qd2 Re7 27. Qd4 Qf7 28. Bd3 Rbe8 29. Bc2 Qg7 30. Qxg7+ Kxg7 31. Kf2 b4 32. axb4 axb4 33. Rb3 c5 34. Rd2 Bc6 35. Bd1 Bb5 36. Be2 Bc4 37. Bd1 Bxb3 38. Bxb3 c4 39. Bd1 Rxe3 40. Rxd5 Rd3 41. Bf3 Rxd5 42. Bxd5 c3 43. bxc3 bxc3 44. Bb3 Rb8 0-1

[Event "2nd Kalyan Dombivali 2019"]
[Site "Kalyan"]
[Date "2019.01.31"]
[Round "5"]
[White "Rajveer Pinkesh Nahar"]
[Black "Kadam Om Manish"]
[Result "0-1"]
[ECO "B23"]
[WhiteElo "1389"]
[BlackElo "1944"]
[Annotator "NA"]
[PlyCount "89"]
[EventDate "2019.01.28"]
[EventType "swiss"]
[EventRounds "10"]
[EventCountry "IND"]
[SourceTitle "playchess.com"]
[Source "ChessBase"]
[SourceQuality "1"]
[TimeControl "5400+30"]

1. e4 c5 2. Nc3 a6 3. f4 b5 4. Nf3 Bb7 5. d3 e6 6. g3 Nf6 7. Qe2 b4 8. Nd1 d5 9. e5 Nfd7 10. Bg2 Nc6 11. O-O Qc7 12. Nf2 Be7 13. Bd2 a5 14. c3 Ba6 15. Rfd1 O-O 16. Rac1 Qb7 17. Qe1 Nb6 18. b3 bxc3 19. Bxc3 Nb4 20. Rd2 Qd7 21. a3 Nc6 22. Rdd1 Qb7 23. Rd2 Qd7 24. Rdd1 Qb7 25. Rd2 Qd7 26. Ra2 Rfb8 27. Rb1 a4 28. b4 cxb4 29. axb4 d4 30. Bd2 Bb5 31. Qc1 Nd5 32. Ne1 Ncxb4 33. Bxb4 Nxb4 34. Rab2 Nd5 35. Nc2 Nc3 36. Qe1 Nxb1 37. Bxa8 Nc3 38. Bf3 Qa7 39. Qa1 a3 40. Rb3 Qa4 41. Nxd4 Qxd4 42. Rxc3 Bc5 43. Qe1 Bb4 44. Qa1 a2 45. Rc1 0-1